 Dungeon Crawl Stone Soup version 0.25.1-2-g60ff931df9 (webtiles) character file.

Game seed: 3844207453187017031

70 HawFromDerth the Stinger (level 4, -1/24 HPs)
             Began as a Deep Elf Venom Mage on Sept 20, 2020.
             Slain by a leopard gecko (5 damage)
             ... on level 3 of the Dungeon.
             The game lasted 00:03:50 (1867 turns).

HawFromDerth the Stinger (Deep Elf Venom Mage)      Turns: 1867, Time: 00:03:50

Health: -1/24      AC:  2    Str:  5    XL:     4   Next: 3%
Magic:  1/11       EV: 13    Int: 21    God:
Gold:   92         SH:  0    Dex: 15    Spells: 1/10 levels left

rFire    . . .     SeeInvis .   (no weapon)
rCold    . . .     Gourm    .   (no shield)
rNeg     . . .     Faith    .   a - +0 robe
rPois    .         Spirit   .   (no helmet)
rElec    .         Reflect  .   (no cloak)
rCorr    .         Harm     .   (no gloves)
MR       .....                  (no boots)
Stlth    ++........             (no amulet)
HPRegen  0.08/turn              (no ring)
MPRegen  0.12/turn              (no ring)

@: no status effects
A: no striking features
a: no special abilities


You were on level 3 of the Dungeon.
You were not hungry.

You visited 1 branch of the dungeon, and saw 3 of its levels.

You collected 92 gold pieces.

Inventory:

Armour
 a - a +0 robe (worn)
Scrolls
 d - a scroll of magic mapping {unknown}
 f - a scroll of remove curse {unknown}
 h - a scroll of fear {unknown}
 i - a scroll of noise {unknown}
Potions
 e - a potion of heal wounds {unknown}
 g - a potion of resistance {unknown}
Comestibles
 c - 4 rations


   Skills:
 + Level 2.7 Dodging
 + Level 2.5 Stealth
 + Level 3.9 Spellcasting
 + Level 1.8 Transmutations
 + Level 0.2 Air Magic
 * Level 4.4 Poison Magic


You had one spell level left.
You knew the following spells:

 Your Spells              Type           Power        Failure   Level  Hunger
a - Sting                 Tmut/Pois      ###.         3%          1    None
b - Poisonous Vapours     Pois/Air       ##....       7%          2    #......
c - Mephitic Cloud        Conj/Pois/Air  ##......     19%         3    ###....
d - Ignite Poison         Fire/Tmut/Pois ##......     16%         3    ###....

Your spell library contained the following spells:

 Spells                   Type           Power        Failure   Level  Hunger
 Olgreb's Toxic Radiance  Pois           ###.....     19%         4    ####...


Dungeon Overview and Level Annotations

Branches:
Dungeon (2/15)

Altars:


Message History

The leopard gecko bites you.
* * * LOW HITPOINT WARNING * * *
The giant cockroach barely misses you.
Casting: Poisonous Vapours (safe; 7% risk of failure)
Confirm with . or Enter, or press ? or * to list all spells.
Aiming: Poisonous Vapours (safe; 7% risk of failure)
Press: ? - help, Dir - move target cursor, f - leopard gecko
Aim: a leopard gecko Poisonous vapours surround the leopard gecko!
The leopard gecko is engulfed in poison gas.
The leopard gecko is poisoned.
The leopard gecko barely misses you. The leopard gecko bites you.
* * * LOW HITPOINT WARNING * * *
The leopard gecko misses you.
A hobgoblin comes into view. It is wielding a +0 club.
The leopard gecko looks more healthy.
The hobgoblin hits you with a +0 club.
* * * LOW HITPOINT WARNING * * *
You see here 23 stones.
The leopard gecko bites you.
You die...

########........
###......#.####### #........#.#
#######........#.#
##########....#.........#.#
..............#)........#.# #
#########..#..#....##..s#.#.#
#########..#....#######.#.#.#.###
........))......@lsg............>
#########..###.)###.###.#.#######
#.....<....#.......#..<.......
###.###.##.###.###.#.####.######
#..........# #+# #.#.#....#
#....##.##.# ..# #.####
+.......##.# $.# # #....#######
..# #..........(


You could see a leopard gecko, a giant cockroach and a hobgoblin.

Vanquished Creatures
  An orc wizard (D:3)
  3 dart slugs (D:1)
  A leopard gecko (D:1)
  4 orcs (D:3)
  3 giant cockroaches
  4 goblins
  4 hobgoblins
  A ball python (D:1)
  4 bats (D:1)
  4 frilled lizards (D:1)
  3 kobolds
  2 rats (D:1)
34 creatures vanquished.

Notes
Turn   | Place    | Note
-------+----------+-------------------------------------------
     0 | D:1      | HawFromDerth the Deep Elf Venom Mage began the quest for
                  | the Orb.
     0 | D:1      | Reached XP level 1. HP: 10/10 MP: 6/6
   331 | D:1      | Reached XP level 2. HP: 15/15 MP: 5/8
  1067 | D:1      | Reached XP level 3. HP: 19/19 MP: 7/10
  1103 | D:1      | Learned a level 2 spell: Poisonous Vapours
  1107 | D:1      | Learned a level 3 spell: Mephitic Cloud
  1111 | D:1      | Learned a level 3 spell: Ignite Poison
  1487 | D:2      | You fall into a shaft and drop 1 floor!
  1521 | D:3      | Reached skill level 4 in Poison Magic
  1837 | D:3      | Reached XP level 4. HP: 8/24 MP: 2/11
  1867 | D:3      | Slain by a leopard gecko

Illustrated notes

Levels and vault maps discovered:
D:1:      saegor_arrival_simple_d, layout_basic, minmay_pentomino_q4
D:2:      layout_loops_ring, lemuel_coloured_pillars_altar, grunt_ministairs_3,
          hangedman_decor_lopped, uniq_terence
D:3:      layout_basic, overflow_temple_1_default,
          chequers_ecumenical_altar_simple_redux

Skill      XL: |  1  2  3 |
---------------+----------+-----
Poison Magic   | 4 |  4.4
Dodging        | |  2.7
Stealth        | |  2.5
Spellcasting   | |  3.9
Transmutations | |  1.8
Air Magic      | |  0.2

Action                   |  1- 3 |  4- 6 || total
-------------------------+-------+-------++-------
 Cast: Sting             |    48 |       ||    48
       Poisonous Vapours |    13 |     2 ||    15
  Use: Scroll            |     1 |       ||     1
  Eat: Ration            |     1 |       ||     1
       Chunk             |     1 |       ||     1
Armor: Robe              |     9 |     1 ||    10
Dodge: Dodged            |    29 |     5 ||    34
